 Dungeon Crawl Stone Soup version 0.27-a0-637-g3a9f0a9c12 (webtiles) character file.

Game seed: 2834110761473602688

106 Allula97 the Skirmisher (level 4, 0/35 HPs)
             Began as a Demonspawn Fighter on Mar 14, 2021.
             Succumbed to a scorpion's poison
             ... on level 2 of the Dungeon.
             The game lasted 00:01:27 (963 turns).

Allula97 the Skirmisher (Demonspawn Fighter)         Turns: 963, Time: 00:01:27

Health: 0/35       AC:  6    Str: 16    XL:     4   Next: 55%
Magic:  4/4        EV:  7    Int: 10    God:
Gold:   46         SH:  9    Dex: 13    Spells: 3/3 levels left

rFire    . . .     SeeInvis .   a - +0 long sword
rCold    . . .     Faith    .   c - +0 kite shield
rNeg     . . .     Spirit   .   b - +0 scale mail
rPois    .         Reflect  .   (helmet restricted)
rElec    .         Harm     .   (no cloak)
rCorr    .         Rampage  .   (no gloves)
Will     .....                  (no boots)
Stlth    ..........             (no amulet)
HPRegen  0.11/turn              (no ring)
MPRegen  0.09/turn              (no ring)

@: lethally poisoned (0 -> -9)
A: horns 1, talons 1, foul stench 1
a: no special abilities


You were on level 2 of the Dungeon.
You visited 1 branch of the dungeon, and saw 2 of its levels.

You collected 46 gold pieces.

Inventory:

Hand Weapons
 a - a +0 long sword (weapon)
Armour
 b - a +0 scale mail (worn)
 c - a +0 kite shield (worn)
Jewellery
 h - an amulet of regeneration
Scrolls
 e - a scroll of identify {unknown}
 f - 4 scrolls of teleportation {unknown}
 g - a scroll of immolation {unknown}
 i - a scroll of random uselessness {unknown}
Potions
 d - a potion of might
 j - a potion of mutation {unknown}
 k - a potion of heal wounds {unknown}


   Skills:
 * Level 3.4 Fighting
 * Level 2.7 Long Blades
 * Level 3.3 Armour
 * Level 1.0 Dodging
 * Level 3.3 Shields


You had 3 spell levels left.
You didn't know any spells.
Your spell library was empty.

Dungeon Overview and Level Annotations

Branches:
Dungeon (2/15)

Altars:
Fedhas


Innate Abilities, Weirdness & Mutations

You have a pair of small horns on your head.
You have sharp toenails.
You may rarely emit foul miasma when damaged in melee.


Message History

The scorpion is engulfed in dark miasma.
The scorpion is poisoned.
The scorpion stings you.
You hit the scorpion. Your kick misses the scorpion.
The scorpion is moderately wounded.
You feel sick.
The scorpion is engulfed in dark miasma.
The scorpion looks even sicker.
The scorpion stings you.
The scorpion is engulfed in dark miasma.
The scorpion looks even sicker.
The scorpion stings you.
You are lethally poisoned!
The scorpion poisons you!
You are too injured to fight recklessly!
You are too injured to fight recklessly!
You are too injured to fight recklessly!
You are too injured to fight recklessly!
You hit the scorpion.
You kill the scorpion!
* * * LOW HITPOINT WARNING * * *
You feel sick.
Your Dodging skill increases to level 1!
You have reached level 4!
You feel clever.
Your demonic ancestry asserts itself...
A pair of horns grows on your head!
* * * LOW HITPOINT WARNING * * *
You feel sick.
* * * LOW HITPOINT WARNING * * *
You feel sick.
* * * LOW HITPOINT WARNING * * *
You feel sick.
* * * LOW HITPOINT WARNING * * *
You feel sick.
* * * LOW HITPOINT WARNING * * *
You feel sick.
* * * LOW HITPOINT WARNING * * *
You feel sick.
* * * LOW HITPOINT WARNING * * *
You feel sick.
* * * LOW HITPOINT WARNING * * *
You feel sick.
You die...

##### #####
#...########...#
#.#...........@#
#...########...#
####.## ##.##
.....# #.#
..####### #.#
#........ #.#
#.####### ..#
#.# ### #.#


There were no monsters in sight!

Vanquished Creatures
  A scorpion (D:2)
  Jessica (D:2)
  2 dart slugs (D:1)
  4 bats (D:1)
  A giant cockroach (D:1)
  5 goblins
  4 hobgoblins
  3 jackals (D:1)
  2 frilled lizards
  3 kobolds
  6 rats
32 creatures vanquished.

Vanquished Creatures (others)
  3 fungi (D:2)
3 creatures vanquished.

Grand Total: 35 creatures vanquished

Notes
Turn   | Place    | Note
-------+----------+-------------------------------------------
     0 | D:1      | Allula97 the Demonspawn Fighter began the quest for the
                  | Orb.
     0 | D:1      | Reached XP level 1. HP: 18/18 MP: 1/1
   140 | D:1      | Gained mutation: You have sharp toenails. [demonic
                  | ancestry]
   140 | D:1      | Reached XP level 2. HP: 18/24 MP: 2/2
   765 | D:2      | Gained mutation: You may rarely emit foul miasma when
                  | damaged in melee. [demonic ancestry]
   765 | D:2      | Reached XP level 3. HP: 23/29 MP: 3/3
   771 | D:2      | Noticed Jessica
   779 | D:2      | Killed Jessica
   832 | D:2      | Found a blossoming altar of Fedhas.
   948 | D:2      | Noticed a scorpion
   954 | D:2      | Killed a scorpion
   955 | D:2      | Reached skill level 1 in Dodging
   955 | D:2      | Gained mutation: You have a pair of small horns on your
                  | head. [demonic ancestry]
   955 | D:2      | Reached XP level 4. HP: 9/35 MP: 4/4
   962 | D:2      | HP: 1/35 [poisoned by a scorpion]
   963 | D:2      | Succumbed to a scorpion's poison

Illustrated notes

Levels and vault maps discovered:
D:1:      lemuel_arrival_broad_hall, layout_basic, minmay_tree_intersection,
          nrook_loot_triangle, minmay_misc_feat_five
D:2:      layout_loops_ring, chequers_temple_overflow_minitemple,
          fedhas_altar_3, uniq_crazy_yiuf_cottage, uniq_jessica, uniq_terence

Skill      XL: |  1  2  3 |
---------------+----------+-----
Shields        | 3 |  3.3
Long Blades    | 2 |  2.7
Armour         | 3 |  3.3
Dodging        | 1 |  1.0
Fighting       | |  3.4

Action                   |  1- 3 |  4- 6 || total
-------------------------+-------+-------++-------
Melee: Long sword        |    74 |       ||    74
       Kick              |    11 |       ||    11
Armor: Scale mail        |    44 |       ||    44
Dodge: Dodged            |    29 |       ||    29
Block: Kite shield       |    39 |       ||    39
       Rpst.: Long sword |    12 |       ||    12

Table legend: (Time is in decaauts)
 A = Elapsed time spent in this place.
 B = Non-inter-level travel time spent in this place.
 C = Inter-level travel time spent in this place.
 D = Time resting spent in this place.
 E = Time spent auto-exploring this place.
 F = Levels seen in this place.
 G = Mean time per level.
                   A        B        C        D        E       F      G
               +--------+--------+--------+--------+--------+-----+--------+
         Total |   1008 |    959 |     49 |      0 |    743 |   2 |  504.0 |
       Dungeon |   1008 |    959 |     49 |      0 |    743 |   2 |  504.0 |
               +--------+--------+--------+--------+--------+-----+--------+

Top non-repeatable levels by time:
     D:1: 773 daAuts
     D:2: 234 daAuts
